NYP
EUGENE EMERALDS @ TRI-CITY DUST DEVILS
08/11/2045
 
TOP OF THE 1ST
Eugene Emeralds batting - Pitching for Tri-City Dust Devils : LHP Billy Kline
Pitching: LHP Billy Kline
Batting: RHB Andy Huntley 0-0: Foul Ball, location: 2F
0-1: Ball
1-1: Ball
2-1: Ball
3-1: Swinging Strike
3-2: Strikes out swinging
Batting: RHB Du Kim 0-0: SINGLE (Groundball, 6S, EV 70.6 MPH) (infield hit)
Batting: RHB Taylor Garofalo 0-0: Ball
1-0: Ball
2-0: Called Strike
2-1: Called Strike
2-2: Grounds into double play, 5-4-3 (Groundball, 56, EV 90.6 MPH)
Top of the 1st over - 0 runs, 1 hit, 0 errors, 0 left on base; Eugene 0 - Tri-City 0
BOTTOM OF THE 1ST
Tri-City Dust Devils batting - Pitching for Eugene Emeralds : RHP Ryohei Uda
Pitching: RHP Ryohei Uda
Batting: LHB Ramon Vega 0-0: Fly out, F8 (Flyball, 8RD, EV 106.9 MPH)
Batting: RHB Jaden Scott 0-0: Ball
1-0: Ball
2-0: Foul Ball, location: 2F
2-1: Foul Ball, location: 2F
2-2: Strikes out looking
Batting: RHB Mike Maserang 0-0: Ball
1-0: Ground out 5-3 (Groundball, 56, EV 78.8 MPH)
Bottom of the 1st over - 0 runs, 0 hits, 0 errors, 0 left on base; Eugene 0 - Tri-City 0
TOP OF THE 2ND
Eugene Emeralds batting - Pitching for Tri-City Dust Devils : LHP Billy Kline
Batting: LHB Angel Oropeza 0-0: Ball
1-0: Called Strike
1-1: Ground out 4-3 (Groundball, 34, EV 86.9 MPH)
Batting: RHB Jose Balderrama 0-0: Foul Ball, location: 2F
0-1: Ball
1-1: Called Strike
1-2: Ball
2-2: Strikes out swinging
Batting: RHB Ryan Bush 0-0: Foul Ball, location: 2F
0-1: Ball
1-1: Swinging Strike
1-2: Foul Ball, location: 2F
1-2: SOLO HOME RUN (Flyball, 7D, EV 95.6 MPH), Distance : 357 ft
Batting: RHB Leonardo Nava 0-0: Called Strike
0-1: Ball
1-1: SINGLE (Groundball, 34D, EV 96.2 MPH)
Batting: RHB Armando Vilano 0-0: Ball
1-0: Swinging Strike
1-1: Foul Ball, location: 2F
1-2: Ball
2-2: Foul Ball, location: 2F
2-2: Foul Ball, location: 2F
2-2: Foul Ball, location: 2F
2-2: Foul Ball, location: 2F
2-2: Strikes out swinging
Top of the 2nd over - 1 run, 2 hits, 0 errors, 1 left on base; Eugene 1 - Tri-City 0
BOTTOM OF THE 2ND
Tri-City Dust Devils batting - Pitching for Eugene Emeralds : RHP Ryohei Uda
Batting: RHB Nate Burkhalter 0-0: Ball
1-0: Called Strike
1-1: Ball
2-1: Swinging Strike
2-2: Strikes out swinging
Batting: LHB Mike Schermerhorn 0-0: Ball
1-0: Foul Ball, location: 2F
1-1: Swinging Strike
1-2: Ball
2-2: Ball
3-2: Strikes out swinging
Pitching: RHP Mark Duffy
Batting: RHB Kalidas Mishra 0-0: DOUBLE (Flyball, 8RXD, EV 100.6 MPH)
Batting: RHB Rich Justice 0-0: Ball
1-0: Called Strike
1-1: Swinging Strike
1-2: Hit by Pitch
Batting: LHB Roger Duque 0-0: Ball
1-0: Fly out, F3 (Line Drive, 4, EV 63.1 MPH)
Bottom of the 2nd over - 0 runs, 1 hit, 0 errors, 2 left on base; Eugene 1 - Tri-City 0
TOP OF THE 3RD
Eugene Emeralds batting - Pitching for Tri-City Dust Devils : LHP Billy Kline
Batting: RHB Jerry Blas 0-0: Fly out, F8 (Flyball, 8LS, EV 96.9 MPH)
Batting: RHB Andy Huntley 0-0: Ball
1-0: SINGLE (Groundball, 6MD, EV 99.4 MPH)
Batting: RHB Du Kim 0-0: Ball
1-0: Foul Ball, location: 2F
1-1: Foul Ball, location: 2F
1-2: Fly out, F8 (Flyball, 8RD, EV 95.6 MPH)
Batting: RHB Taylor Garofalo 0-0: Ball
1-0: Ball
2-0: Foul Ball, location: 2F
2-1: Foul Ball, location: 2F
2-2: DOUBLE (Line Drive, 3D, EV 110.0 MPH)
Andy Huntley to third
Runner from 3rd tries for Home, SAFE, no throw by RF
Batting: LHB Angel Oropeza 0-0: Ball
1-0: Foul Ball, location: 2F
1-1: Called Strike
1-2: Foul Ball, location: 2F
1-2: SINGLE (Groundball, 34D, EV 100.6 MPH)
Taylor Garofalo to third
Runner from 3rd tries for Home, SAFE, throw by RF to home
Batting: RHB Jose Balderrama 0-0: Foul Ball, location: 2F
0-1: Called Strike
0-2: Foul Ball, location: 2F
0-2: Fly out, F4 (Popup, 13, EV 80.0 MPH)
Top of the 3rd over - 2 runs, 3 hits, 0 errors, 1 left on base; Eugene 3 - Tri-City 0
BOTTOM OF THE 3RD
Tri-City Dust Devils batting - Pitching for Eugene Emeralds : RHP Mark Duffy
Batting: RHB Brent Little 0-0: Ball
1-0: Ball
2-0: Called Strike
2-1: Foul Ball, location: 2F
2-2: Foul Ball, location: 2F
2-2: Foul Ball, location: 2F
2-2: Foul Ball, location: 2F
2-2: Strikes out swinging
Batting: LHB Ramon Vega 0-0: Called Strike
0-1: Ball
1-1: Ground out U3 (Groundball, 3, EV 81.2 MPH)
Batting: RHB Jaden Scott 0-0: Ball
1-0: Foul Ball, location: 2F
1-1: Ground out 6-3 (Groundball, 6M, EV 83.8 MPH)
Bottom of the 3rd over - 0 runs, 0 hits, 0 errors, 0 left on base; Eugene 3 - Tri-City 0
TOP OF THE 4TH
Eugene Emeralds batting - Pitching for Tri-City Dust Devils : LHP Billy Kline
Batting: RHB Ryan Bush 0-0: Called Strike
0-1: Called Strike
0-2: Strikes out swinging
Batting: RHB Leonardo Nava 0-0: Ball
1-0: Ball
2-0: SINGLE (Flyball, 78S, EV 94.4 MPH)
Batting: RHB Armando Vilano 0-0: Called Strike
0-1: Foul Ball, location: 2F
0-2: SINGLE (Groundball, 56D, EV 97.5 MPH)
Leonardo Nava to second
Batting: RHB Jerry Blas 0-0: SINGLE (Groundball, 6MD, EV 94.4 MPH)
Leonardo Nava to third
Armando Vilano to second
Runner from 3rd tries for Home, SAFE, throw by CF to home
Batting: RHB Andy Huntley 0-0: Swinging Strike
0-1: Foul Ball, location: 2F
0-2: Ball
1-2: Ball
2-2: Strikes out swinging
Batting: RHB Du Kim 0-0: Ball
1-0: Fielders Choice at 2nd, 6-4 (Groundball, 6, EV 78.1 MPH)
Top of the 4th over - 1 run, 3 hits, 0 errors, 2 left on base; Eugene 4 - Tri-City 0
BOTTOM OF THE 4TH
Tri-City Dust Devils batting - Pitching for Eugene Emeralds : RHP Mark Duffy
Batting: RHB Mike Maserang 0-0: Ball
1-0: Called Strike
1-1: Fly out, F9 (Flyball, 9, EV 88.1 MPH)
Pitching: LHP Jose Urena
Batting: RHB Nate Burkhalter 0-0: Ball
1-0: Called Strike
1-1: DOUBLE (Groundball, 5L, EV 99.4 MPH)
Batting: LHB Mike Schermerhorn 0-0: Ball
1-0: Foul Ball, location: 2F
1-1: Ball
2-1: Called Strike
2-2: Foul Ball, location: 2F
2-2: Foul Ball, location: 2F
2-2: Strikes out swinging
Batting: RHB Kalidas Mishra 0-0: Called Strike
0-1: Foul Ball, location: 2F
0-2: Strikes out swinging
Bottom of the 4th over - 0 runs, 1 hit, 0 errors, 1 left on base; Eugene 4 - Tri-City 0
TOP OF THE 5TH
Eugene Emeralds batting - Pitching for Tri-City Dust Devils : LHP Billy Kline
Batting: RHB Taylor Garofalo 0-0: Called Strike
0-1: Swinging Strike
0-2: Ball
1-2: Ball
2-2: Ball
3-2: Ground out U3 (Groundball, 34, EV 106.2 MPH)
Batting: LHB Angel Oropeza 0-0: Called Strike
0-1: Foul Ball, location: 2F
0-2: Foul Ball, location: 2F
0-2: Foul Ball, location: 2F
0-2: Ball
1-2: Foul Ball, location: 2F
1-2: Ball
2-2: Foul Ball, location: 2F
2-2: Foul Ball, location: 2F
2-2: Fly out, F7 (Flyball, 7D, EV 91.2 MPH)
Batting: RHB Jose Balderrama 0-0: Called Strike
0-1: Ball
1-1: Ball
2-1: DOUBLE (Flyball, 78XD, EV 113.1 MPH)
Batting: RHB Ryan Bush 0-0: Foul Ball, location: 2F
0-1: Swinging Strike
0-2: Ground out 5-3 (Groundball, 56, EV 90.6 MPH)
Top of the 5th over - 0 runs, 1 hit, 0 errors, 1 left on base; Eugene 4 - Tri-City 0
BOTTOM OF THE 5TH
Tri-City Dust Devils batting - Pitching for Eugene Emeralds : LHP Jose Urena
Batting: RHB Rich Justice 0-0: Ball
1-0: Ball
2-0: SINGLE (Groundball, 25, EV 63.8 MPH) (infield hit)
Batting: LHB Roger Duque 0-0: Foul Ball, location: 2F
0-1: Ball
1-1: SINGLE (Flyball, 8LS, EV 95.6 MPH)
Rich Justice to second
Pitching: RHP Josh MacQueen
Batting: RHB Brent Little 0-0: Ball
1-0: Foul Ball, location: 2F
1-1: Ball
Wild Pitch!
Rich Justice to third
Roger Duque to second
2-1: Foul Ball, location: 2F
2-2: Strikes out swinging
Batting: LHB Ramon Vega 0-0: Called Strike
0-1: Ball
1-1: SINGLE (Groundball, 4D, EV 99.4 MPH)
Rich Justice scores
Roger Duque to third
Batting: RHB Jaden Scott 0-0: Ball
1-0: Fielders Choice at 2nd, 4-6 (Groundball, 4M, EV 100.6 MPH)
Roger Duque scores
Batting: RHB Mike Maserang 0-0: Called Strike
0-1: Called Strike
0-2: Strikes out swinging
Bottom of the 5th over - 2 runs, 3 hits, 0 errors, 1 left on base; Eugene 4 - Tri-City 2
TOP OF THE 6TH
Eugene Emeralds batting - Pitching for Tri-City Dust Devils : LHP Billy Kline
Batting: RHB Leonardo Nava 0-0: Foul Ball, location: 2F
0-1: Ball
1-1: Ball
2-1: Hit by Pitch
Batting: RHB Armando Vilano 0-0: Ball
1-0: Called Strike
1-1: Fielders Choice at 2nd, 5-4 (Groundball, 56, EV 87.5 MPH)
Batting: RHB Jerry Blas 0-0: Ball
Armando Vilano steals 2nd base
1-0: Called Strike
1-1: Swinging Strike
1-2: Ball
2-2: Foul Ball, location: 2F
2-2: Foul Ball, location: 2F
2-2: Foul Ball, location: 2F
2-2: Ball
3-2: SINGLE (Groundball, 56, EV 100.0 MPH)
Armando Vilano to third
Runner from 3rd tries for Home, SAFE, throw by LF to home
Jerry Blas to second
Pitching: RHP Nick Jamison
Batting: RHB Andy Huntley 0-0: Called Strike
0-1: Ball
1-1: Foul Ball, location: 2F
1-2: Ball
2-2: Strikes out swinging
Batting: RHB Du Kim 0-0: Swinging Strike
0-1: Ball
1-1: Ball
2-1: Foul Ball, location: 2F
2-2: Ball
3-2: Ground out 6-3 (Groundball, 56, EV 79.4 MPH)
Top of the 6th over - 1 run, 1 hit, 0 errors, 1 left on base; Eugene 5 - Tri-City 2
BOTTOM OF THE 6TH
Tri-City Dust Devils batting - Pitching for Eugene Emeralds : RHP Josh MacQueen
Batting: RHB Nate Burkhalter 0-0: Called Strike
0-1: Ball
1-1: Called Strike
1-2: Ball
2-2: Foul Ball, location: 2F
2-2: Ball
3-2: Base on Balls
Pitching: LHP Bernard Grose
Batting: LHB Mike Schermerhorn 0-0: Ball
1-0: Swinging Strike
1-1: Ball
2-1: Swinging Strike
2-2: Strikes out swinging
Batting: RHB Kalidas Mishra 0-0: Called Strike
0-1: Foul Ball, location: 2F
0-2: Foul Ball, location: 2F
0-2: Ball
1-2: Grounds into double play, 5-4-3 (Groundball, 56, EV 109.4 MPH)
Bottom of the 6th over - 0 runs, 0 hits, 0 errors, 0 left on base; Eugene 5 - Tri-City 2
TOP OF THE 7TH
Eugene Emeralds batting - Pitching for Tri-City Dust Devils : RHP Nick Jamison
Batting: RHB Taylor Garofalo 0-0: Ball
1-0: Called Strike
1-1: Called Strike
1-2: Strikes out swinging
Batting: LHB Angel Oropeza 0-0: Foul Ball, location: 2F
0-1: Called Strike
0-2: Foul Ball, location: 2F
0-2: Ground out 4-3 (Groundball, 34, EV 104.4 MPH)
Batting: RHB Jose Balderrama 0-0: Ball
1-0: Ground out 6-3 (Groundball, 6, EV 104.4 MPH)
Top of the 7th over - 0 runs, 0 hits, 0 errors, 0 left on base; Eugene 5 - Tri-City 2
BOTTOM OF THE 7TH
Tri-City Dust Devils batting - Pitching for Eugene Emeralds : LHP Bernard Grose
Batting: RHB Rich Justice 0-0: Swinging Strike
0-1: Ball
1-1: Swinging Strike
1-2: Ball
2-2: Ball
3-2: Foul Ball, location: 2F
3-2: SOLO HOME RUN (Flyball, 7D, EV 102.5 MPH), Distance : 372 ft
Batting: LHB Roger Duque 0-0: Foul Ball, location: 2F
0-1: Swinging Strike
0-2: Ball
1-2: Strikes out swinging
Pitching: LHP Virgílio Beyfus
Batting: RHB Brent Little 0-0: Ball
1-0: Ball
2-0: Ball
3-0: Called Strike
3-1: Base on Balls
Batting: LHB Ramon Vega 0-0: Called Strike
0-1: Ball
1-1: Swinging Strike
1-2: Ball
2-2: Ball
3-2: Base on Balls
Brent Little to second
Batting: RHB Jaden Scott 0-0: Ball
1-0: TRIPLE (Flyball, 78XD, EV 99.4 MPH)
Brent Little scores
Ramon Vega scores
Batting: RHB Mike Maserang 0-0: Ball
1-0: Foul Ball, location: 2F
1-1: Ball
2-1: Ground out 6-3 (Groundball, 6MS, EV 91.2 MPH)
Batting: RHB Nate Burkhalter 0-0: Ball
1-0: Foul Ball, location: 2F
1-1: Called Strike
1-2: Foul Ball, location: 2F
1-2: Ball
2-2: 2-RUN HOME RUN (Flyball, 7D, EV 101.2 MPH), Distance : 367 ft
Batting: LHB Mike Schermerhorn 0-0: Ball
1-0: Foul Ball, location: 2F
1-1: SOLO HOME RUN (Flyball, 7D, EV 95.0 MPH), Distance : 350 ft
Batting: RHB Kalidas Mishra 0-0: Ball
1-0: Ball
2-0: Ball
3-0: Called Strike
3-1: Base on Balls
Batting: RHB Rich Justice 0-0: Ball
1-0: Called Strike
1-1: Ball
2-1: Swinging Strike
2-2: Strikes out swinging
Bottom of the 7th over - 6 runs, 4 hits, 0 errors, 1 left on base; Eugene 5 - Tri-City 8
TOP OF THE 8TH
Eugene Emeralds batting - Pitching for Tri-City Dust Devils : RHP Nick Jamison
Pitching: RHP Ching Ge
Batting: RHB Ryan Bush 0-0: Ball
1-0: Ball
2-0: Swinging Strike
2-1: Swinging Strike
2-2: Foul Ball, location: 2F
2-2: Strikes out looking
Batting: RHB Leonardo Nava 0-0: Ball
1-0: Bunt for hit to P - play at first, batter OUT! 1-3
Batting: RHB Armando Vilano 0-0: Called Strike
0-1: Ball
1-1: Ball
2-1: Fly out, F1 (Line Drive, P, EV 67.5 MPH)
Top of the 8th over - 0 runs, 0 hits, 0 errors, 0 left on base; Eugene 5 - Tri-City 8
BOTTOM OF THE 8TH
Tri-City Dust Devils batting - Pitching for Eugene Emeralds : LHP Virgílio Beyfus
Batting: LHB Roger Duque 0-0: Called Strike
0-1: Ball
1-1: SINGLE (Line Drive, 78S, EV 93.1 MPH)
Batting: RHB Brent Little 0-0: Bunt missed!
0-1: Bunt missed!
0-2: Ball
1-2: Foul Ball, location: 2F
1-2: Ball
2-2: Ball
3-2: Base on Balls
Roger Duque to second
Batting: LHB Ramon Vega 0-0: Ball
1-0: Ball
2-0: Bunt missed!
2-1: Ball
3-1: Bunted foul
3-2: Foul Ball, location: 2F
3-2: Foul Ball, location: 2F
3-2: Foul Ball, location: 2F
3-2: Foul Ball, location: 2F
3-2: Foul Ball, location: 2F
3-2: SINGLE (Line Drive, 7S, EV 103.1 MPH)
Roger Duque to third
Brent Little to second
Batting: RHB Jaden Scott 0-0: SINGLE (Groundball, 6MD, EV 103.1 MPH)
Roger Duque scores
Brent Little to third
Ramon Vega to second
Runner from 3rd tries for Home, throw by CF and OUT! 8-2
Batting: RHB Mike Maserang 0-0: Foul Ball, location: 2F
0-1: Ball
1-1: Ball
2-1: 3-RUN HOME RUN (Flyball, 78XD, EV 105.6 MPH), Distance : 409 ft
Pitching: RHP Jake Mitchell
Batting: RHB Nate Burkhalter 0-0: Foul Ball, location: 2F
0-1: Fly out, F9 (Flyball, 89M, EV 98.1 MPH)
Batting: LHB Mike Schermerhorn 0-0: Called Strike
0-1: Ball
1-1: Ball
2-1: Foul Ball, location: 2F
2-2: DOUBLE (Line Drive, 9LM, EV 99.4 MPH)
Batting: RHB Kalidas Mishra 0-0: Ball
1-0: Ball
Balk!
Mike Schermerhorn to third
2-0: Called Strike
2-1: Foul Ball, location: 2F
2-2: Foul Ball, location: 2F
Balk!
Mike Schermerhorn scores
2-2: Ball
3-2: DOUBLE (Flyball, 78XD, EV 105.6 MPH)
Batting: RHB Rich Justice 0-0: Fly out, F7 (Flyball, 78M, EV 79.4 MPH)
Bottom of the 8th over - 5 runs, 6 hits, 0 errors, 1 left on base; Eugene 5 - Tri-City 13
TOP OF THE 9TH
Eugene Emeralds batting - Pitching for Tri-City Dust Devils : RHP Ching Ge
Pinch Hitting: SHB Andrew Baron 0-0: Called Strike
0-1: Ground out 4-3 (Groundball, 4M, EV 85.0 MPH)
Pinch Hitting: LHB Wing-tat Tai 0-0: Called Strike
0-1: Ball
1-1: Ball
2-1: Foul Ball, location: 2F
2-2: SINGLE (Groundball, 34D, EV 100.0 MPH)
Pinch Hitting: RHB Alvaro Romero 0-0: Called Strike
0-1: Foul Ball, location: 2F
0-2: Strikes out swinging
Pinch Hitting: RHB Ricardo Aguinaga 0-0: Called Strike
0-1: Swinging Strike
0-2: Strikes out swinging
Top of the 9th over - 0 runs, 1 hit, 0 errors, 1 left on base; Eugene 5 - Tri-City 13
Wednesday, June 22nd , 2022 - OOTP Baseball 23.4 Build 64